 Dungeon Crawl Stone Soup version 0.30.1-11-g7821555f0a (webtiles) character file.

Game seed: 16860968822133326372

4179 Cheops the Destroyer (level 10, -4/51 (56) HPs)
             Began as an Octopode Conjurer on Dec 3, 2023.
             Was a Priest of Vehumet.
             Slain by a wight
             ... wielding a +0 spear
              (7 damage)
             ... on level 8 of the Dungeon.
             The game lasted 00:36:58 (9862 turns).

Cheops the Destroyer (Octopode Conjurer)            Turns: 9862, Time: 00:36:58

HP:   -4/51 (56)    AC:  1    Str:  7    XL:     10   Next: 28%
MP:   23/26         EV: 14    Int: 22    God:    Vehumet [***...]
Gold: 491           SH:  0    Dex: 13    Spells: 0/19 levels left

rFire   . . .        a - +7 staff of the Meek {protect, meekguard}
rCold   . . .        (shield currently unavailable)
rNeg    . . .        (helmet restricted)
rPois   +            (no amulet)
rElec   .            l - ring of poison resistance
rCorr   .            m - ring of magical power
SInv    .            q - ring of flight
Will    .....        (no ring)
Stlth   ++++         (no ring)
HPRegen 0.28/turn    (no ring)
MPRegen 0.20/turn    (no ring)
                     (no ring)

%: no passive effects
@: flying, drained
A: almost no armour, amphibious, 8 rings, camouflage 1, gelatinous body 1,
(nimble swimmer 1), tentacles
a: Renounce Religion


You were on level 8 of the Dungeon.
You worshipped Vehumet.
Vehumet was most pleased with you.
You visited 2 branches of the dungeon, and saw 9 of its levels.

You collected 491 gold pieces.

Inventory:

Hand Weapons
 a - the +7 staff of the Meek (weapon) {protect, meekguard}
   (You found it on level 6 of the Dungeon)
 b - the +5 dagger of the Doomed Warrior {pain, rPois rC- Int+2 Stlth+}
   (You found it on level 6 of the Dungeon)

   Int:       It affects your intelligence (+2).
   rC:        It makes you vulnerable to cold.
   rPois:     It protects you from poison.
   Stlth:     It makes you more stealthy.
 c - a +3 dagger
 y - a +2 dagger of flaming
 A - a +4 spear
 B - a +1 dagger of venom
 C - a +1 trident of freezing
 K - a +2 dagger of holy wrath
 L - a +4 short sword
Armour
 w - a +0 kite shield
 E - an orb of energy
Jewellery
 l - a ring of poison resistance (left tentacle)
 m - a ring of magical power (right tentacle)
 q - a ring of flight (on tentacle)
 x - a ring of ice
 D - a ring of fire
 H - a +6 ring of intelligence
Wands
 k - a wand of digging (4)
 G - a wand of flame (12)
 M - a wand of mindburst (23)
Scrolls
 d - 4 scrolls of immolation
 f - 4 scrolls of teleportation
 i - 2 scrolls of vulnerability
 p - 3 scrolls of amnesia
 s - a scroll of magic mapping
 u - a scroll of butterflies
 v - 2 scrolls of fog
 I - a scroll of poison {unknown}
 J - a scroll of silence {unknown}
 N - a scroll of identify
 O - a scroll of noise {unknown}
Potions
 e - 3 potions of flight {unknown}
 g - 4 potions of heal wounds {unknown}
 h - 2 potions of curing {unknown}
 j - 3 potions of attraction {unknown}
 n - 5 potions of brilliance
 o - 2 potions of magic
 r - 2 potions of ambrosia {unknown}
 t - a potion of lignification {unknown}
 z - a potion of degeneration {unknown}
 F - a potion of might {unknown}


   Skills:
 - Level 4.6 Dodging
 - Level 7.2 Stealth
 - Level 5.0 Spellcasting
 - Level 9.0 Conjurations
 + Level 4.0 Hexes
 - Level 4.0 Summonings
 - Level 5.0 Translocations
 - Level 5.4 Poison Magic


You couldn't memorise any spells.
You knew the following spells:

 Your Spells              Type           Power      Damage    Failure   Level
a - Magic Dart            Conj           100%       1d8       1%          1
b - Searing Ray           Conj           90%        2d7       1%          2
c - Call Canine Familiar  Summ           23%        N/A       6%          3
d - Dazzling Flash        Conj/Hex       68%        N/A       1%          3
i - Iskenderun's Mystic   Conj/Tloc      36%        2d9       1%          4
p - Fulminant Prism       Conj/Hex       17%        3d10      1%          4
v - Poisonous Vapours     Pois/Air       34%        N/A       1%          2

Your spell library contained the following spells:

 Spells                   Type           Power      Damage    Failure   Level
 Volatile Blastmotes      Fire/Tloc      32%        2d12      3%          3
 Scorch                   Fire           10%        2d5       4%          2
 Ignite Poison            Fire/Tmut/Pois 13%        N/A       4%          3
 Portal Projectile        Hex/Tloc       50%        N/A       4%          3
 Flame Wave               Conj/Fire      25%        2d8       4%          4
 Cigotuvi's Dreadful Rot  Necr/Pois/Air  26%        N/A       8%          2
 Necrotise                Necr           20%        1d5       10%         1
 Freezing Cloud           Conj/Ice/Air   9%         6-21      21%         5
 Vampiric Draining        Necr           5%         2d6       30%         3
 Leda's Liquefaction      Hex/Erth       7%         N/A       41%         4
 Iron Shot                Conj/Erth      12%        9d3       50%         6
 Lee's Rapid Deconstruct  Erth           2%         3d5*      54%         5
 Agony                    Necr           5%         N/A       95%         5
 Blade Hands              Tmut           2%         N/A       95%         5
 Summon Cactus Giant      Summ           11%        N/A       96%         6
 Animate Armour           Summ/Erth      Unusable   N/A       N/A         4

Dungeon Overview and Level Annotations

Branches:
Dungeon (8/15)             Temple (1/1) D:4
   Lair: D:8-11

Altars:
Ashenzari
Cheibriados
Dithmenos
Elyvilon
Fedhas
Gozag
Hepliaklqana
Kikubaaqudgha
Makhleb
Nemelex Xobeh
Okawaru
Qazlal
Ru
Uskayaw
Vehumet
Wu Jian
Xom
Yredelemnul
Zin

Shops:
D:4 [   D:7 =


Innate Abilities, Weirdness & Mutations

You cannot wear most types of armour.
You are amphibious.
You can wear up to eight rings at the same time.
Your skin changes colour to match your surroundings (Stealth+).
Your rubbery body absorbs attacks. (AC +1, EV +1)
((You are camouflaged when in or above water. (Stealth+)))
You have tentacles for arms and can constrict up to eight enemies at once.


Message History

You hear a shout! x2
A wight comes into view. It is wielding a +5 spear.
The wight hits you with a +4 dire flail!
The wight attacks as you move away! The wight closely misses you.
The wight attacks as you move away!
The wight hits you with a +4 dire flail!
You feel drained. The wight attacks as you move away!
The wight barely misses you. The wight attacks as you move away!
The wight barely misses you. The wight attacks as you move away!
The wight hits you with a +4 dire flail!
* * * LOW HITPOINT WARNING * * *
You feel drained.
* * * LOW HITPOINT WARNING * * *
There is an open door here.
Casting: Searing Ray (safe; 1% risk of failure)
Confirm with . or Enter, or press ? or * to list all spells.
Aiming: Searing Ray (safe; 1% risk of failure)
Press: ? - help, Shift-Dir - straight line, f - wight
Aim: a wight, wielding a +4 dire flail and wearing a +0 robe (82% to hit)
The searing ray hits the wight but does no damage.
The searing ray hits the wight.
The wight is lightly damaged.
The searing ray hits the wight!
The wight is heavily damaged. (Press . to maintain the ray.)
The wight closely misses you.
The wight hits you from afar with a +0 spear.
* * * LOW HITPOINT WARNING * * *
The searing ray hits the wight!
The wight is severely damaged.
The searing ray hits the wight.
The wight is moderately damaged.
The searing ray misses the wight. x2
The wight hits you with a +4 dire flail.
* * * LOW HITPOINT WARNING * * *
You feel drained.
* * * LOW HITPOINT WARNING * * *
The wight hits you from afar with a +0 spear!
You die...

#..#.........................####
#..#.........................#...
#..'.........................#...
#..#.........................#...
#..#.........................##'#
####......#######'############...
###.......#.....#................
.....)....#.....#.z..............
..#.)∩)...#.....@zzzz............
.....)....####################'##
.##.....+### *,,,,,,,,,,,,,..z.
.#####.....# *>,,,,,,,,,,,.....
.# ##.....# *,,,,,,,,,>,...... .#
#...##### *,,,,,,,,,,....... ##
###.....# **********######## .#
#.....# .# #.....#


You could see 5 wights.

Vanquished Creatures
  2 hornets
  A troll (D:8)
  2 wyverns (D:8)
  Eustachio (D:4)
  A steam dragon (D:8)
  3 water moccasins
  A sky beast (D:6)
  An orc warrior (D:6)
  2 ice beasts
  An ogre (D:6)
  A phantom (D:6)
  2 centaurs (D:6)
  4 kobold brigands
  Blork the orc (D:4)
  A bullfrog (D:6)
  2 gnoll sergeants
  3 wights (D:6)
  3 howler monkeys
  2 orc priests (D:6)
  2 hounds
  A jelly (D:6)
  A sleepcap (D:5)
  6 orc wizards
  2 iguanas
  12 gnolls
  6 adders
  10 river rats (D:6)
  A white imp (D:5)
  2 ufetubi
  A worm (D:2)
  24 orcs
  5 ball pythons
  8 bats
  5 endoplasms
  4 giant cockroaches
  12 hobgoblins
  9 quokkas
  4 frilled lizards
  3 goblins
  26 kobolds
  19 rats
197 creatures vanquished.

Vanquished Creatures (collateral kills)
  A wraith (D:7)
  Menkaure (D:7)
  A water moccasin (D:6)
3 creatures vanquished.

Grand Total: 200 creatures vanquished

Notes
Turn   | Place    | Note
-------+----------+-------------------------------------------
     0 | D:1      | Cheops the Octopode Conjurer began the quest for the Orb.
     0 | D:1      | Reached XP level 1. HP: 11/11 MP: 3/3
   208 | D:1      | Reached XP level 2. HP: 16/17 MP: 0/5
   557 | D:1      | Found a faded altar of an unknown god.
   570 | D:1      | Noticed an eye of devastation
   573 | D:1      | Noticed a golden eye
   573 | D:1      | Noticed a floating eye
   573 | D:1      | Noticed a shining eye
  1001 | D:1      | Learned a level 2 spell: Searing Ray
  1122 | D:2      | Reached XP level 3. HP: 21/21 MP: 4/7
  1281 | D:2      | Reached XP level 4. HP: 17/27 MP: 0/8
  1886 | D:2      | Learned a level 3 spell: Dazzling Flash
  2463 | D:3      | Reached XP level 5. HP: 31/31 MP: 9/9
  2969 | D:4      | Noticed Eustachio
  2983 | D:4      | HP: 1/31 [Eustachio/+3 heavy falchion (8)]
  2984 | D:4      | Killed Eustachio
  2985 | D:4      | Reached skill level 5 in Conjurations
  2985 | D:4      | Reached XP level 6. HP: 1/36 MP: 10/10
  3168 | D:4      | Found a staircase to the Ecumenical Temple.
  3201 | D:4      | Found Laul's Armour Shop.
  3210 | Temple   | Entered the Ecumenical Temple
  3353 | Temple   | Became a worshipper of Vehumet
  3443 | D:4      | Noticed Blork the orc
  3456 | D:4      | Killed Blork the orc
  3558 | D:4      | Found an iron altar of Okawaru.
  3563 | D:4      | Reached skill level 6 in Conjurations
  3736 | D:4      | Learned a level 4 spell: Iskenderun's Mystic Blast
  3759 | D:5      | Entered Level 5 of the Dungeon
  4075 | D:5      | Reached XP level 7. HP: 41/41 MP: 11/11
  4433 | D:5      | Reached skill level 7 in Conjurations
  4433 | D:5      | Reached skill level 1 in Translocations
  4811 | D:6      | Reached * piety under Vehumet
  4811 | D:6      | Offered knowledge of Kiss of Death by Vehumet.
  4812 | D:6      | Reached skill level 1 in Hexes
  5022 | D:6      | Reached XP level 8. HP: 36/46 MP: 10/12
  5173 | D:6      | Reached skill level 5 in Translocations
  5468 | D:6      | Found the +7 staff of the Meek {protect, meekguard}
  5577 | D:6      | Reached skill level 5 in Stealth
  5649 | D:6      | Identified the +1 ring mail of Jomy {Contam rCorr Str+6
                  | Dex-3}
  6053 | D:6      | Found a sparkling altar of Nemelex Xobeh.
  6085 | D:6      | Learned a level 3 spell: Call Canine Familiar
  6494 | D:6      | Reached XP level 9. HP: 51/51 MP: 13/13
  6573 | D:6      | Reached skill level 8 in Conjurations
  6591 | D:6      | Offered knowledge of Foxfire by Vehumet.
  6599 | D:6      | Reached ** piety under Vehumet
  7054 | D:6      | Identified the +5 dagger of the Doomed Warrior {pain, rPois
                  | rC- Int+2 Stlth+}
  7350 | D:7      | Found a shimmering altar of Xom.
  7450 | D:7      | Noticed a hornet
  7462 | D:7      | Killed a hornet
  7463 | D:7      | Reached skill level 9 in Conjurations
  7596 | D:7      | Offered knowledge of Poisonous Vapours by Vehumet.
  8018 | D:7      | Found Araosunuo's Jewellery Emporium.
  8054 | D:7      | Noticed Menkaure
  8066 | D:7      | Killed Menkaure
  8067 | D:7      | Reached skill level 5 in Spellcasting
  8095 | D:7      | Reached *** piety under Vehumet
  8423 | D:7      | Learned a level 2 spell: Poisonous Vapours
  8443 | D:8      | Noticed a hornet
  8449 | D:8      | Killed a hornet
  8530 | D:8      | Found a blossoming altar of Fedhas.
  8539 | D:8      | Reached XP level 10. HP: 56/56 MP: 17/17
  8954 | D:8      | Reached skill level 5 in Poison Magic
  8959 | D:8      | Learned a level 4 spell: Fulminant Prism
  9157 | D:8      | Found a flagged portal.
  9862 | D:8      | Slain by a wight

Illustrated notes

Levels and vault maps discovered:
D:1:      grunt_arrival_crossed_arrows, layout_loops_ring,
          hellmonk_ecumenical_altar_watching_god
D:2:      layout_rooms
D:3:      layout_rooms
D:4:      layout_rooms, mainiacjoe_overflow_cross_hatched,
          minmay_temple_entry_large_hall, serial_shops, shop,
          uniq_blork_the_orc, uniq_eustachio
D:5:      layout_cave_pods
D:6:      lemuel_ratsnest, layout_loops_ring, lemuel_tele_altar,
          dreamdust_mushroom_princess, pf_guarded_unrand_meek
D:7:      layout_cave_pools, mainiacjoe_overflow_boulevard, serial_shops,
          nicolae_shop_just_a_little_nook, grunt_ministairs_10, uniq_menkaure
D:8:      layout_gridville, general_overflow_altar, enter_bailey_2,
          nicolae_lava_and_water
Temple:   nicolae_temple_bog_church

Skill      XL: |  1  2  3  4  5  6  7  8  9 10 |
---------------+-------------------------------+-----
Spellcasting   | 3 5 |  5.0
Dodging        | 3 4 |  4.6
Conjurations   | 5 6 7 9 |  9.0
Translocations | 4 5 |  5.0
Hexes          | 1 2 4 |  4.0
Stealth        | 7 |  7.2
Summonings     | 2 4 |  4.0
Poison Magic   | 3 5 |  5.4

Action                     |  1- 3 |  4- 6 |  7- 9 | 10-12 || total
---------------------------+-------+-------+-------+-------++-------
  Melee: Unarmed           |    10 |     5 |       |       ||    15
         Constrict         |     3 |     6 |    12 |       ||    21
         Tentacles         |     3 |     8 |    11 |     1 ||    23
         Dagger            |       |    18 |    47 |       ||    65
         Quarterstaff      |       |       |     5 |     2 ||     7
   Cast: Magic Dart        |    53 |    94 |   133 |    17 ||   297
         Searing Ray       |       |     4 |    63 |    14 ||    81
         Dazzling Flash    |       |       |     1 |       ||     1
         Call Canine Famil |       |       |     5 |     2 ||     7
         Iskenderun's Myst |       |       |     3 |    14 ||    17
    Use: Scroll            |       |       |    10 |       ||    10
 Armour: Skin              |       |       |     9 |       ||     9
  Dodge: Dodged            |    13 |    22 |    75 |    16 ||   126
